 Dungeon Crawl Stone Soup version 0.21-a0-507-ga8f6b7a (webtiles) character file.

287 slep the Poker (level 6, 0/42 HPs)
             Began as a Halfling Gladiator on Nov 28, 2017.
             Slain by a bullfrog skeleton (6 damage)
             ... on level 4 of the Dungeon.
             The game lasted 00:08:29 (2154 turns).

slep the Poker (Halfling Gladiator)                 Turns: 2154, Time: 00:08:29

Health: 0/42       AC:  6    Str: 15      XL:     6   Next: 56%
Magic:  6/6        EV: 15    Int:  4 (6)  God:
Gold:   148        SH:  0    Dex: 17 (18) Spells: 5/5 levels left

rFire    . . .     SeeInvis .   a - +0 trident
rCold    . . .     Gourm    .   (shield currently unavailable)
rNeg     . . .     Faith    .   m - +0 ring mail
rPois    .         Spirit   .   c - +0 helmet
rElec    .         Reflect  .   (no cloak)
rCorr    .         Harm     .   (no gloves)
MR       .....                  (no boots)
Stlth    +.........             (no amulet)
HPRegen  0.14/turn              r - +1 ring of slaying
MPRegen  0.10/turn              (no ring)

@: no status effects
A: small, mutation resistance 1
a: no special abilities


You were on level 4 of the Dungeon.
You were not hungry.

You visited 1 branch of the dungeon, and saw 4 of its levels.

You collected 148 gold pieces.

Inventory:

Hand Weapons
 a - a +0 trident (weapon)
Missiles
 d - 2 throwing nets (quivered)
Armour
 b - a +0 leather armour
 c - a +0 helmet (worn)
 m - a +0 ring mail (worn)
Jewellery
 g - an uncursed ring of ice
 r - a +1 ring of slaying (left hand)
Wands
 q - a wand of polymorph (3)
 x - a wand of iceblast (6)
Scrolls
 h - a scroll of enchant weapon {unknown}
 i - 2 scrolls of fear {unknown}
 j - 2 scrolls of enchant armour {unknown}
 k - 4 scrolls of teleportation {unknown}
 l - 2 scrolls of remove curse {unknown}
 p - 3 scrolls of identify {unknown}
 s - a scroll of fog {unknown}
 t - a scroll of blinking {unknown}
 v - a scroll of amnesia {unknown}
 w - a scroll of magic mapping {unknown}
Potions
 e - a potion of cancellation {unknown}
 n - 3 potions of curing
Comestibles
 f - 4 bread rations
 o - 2 meat rations
 u - a royal jelly


   Skills:
 + Level 3.0 Fighting
 + Level 4.2 Polearms
 + Level 2.3 Throwing
 + Level 2.4 Armour
 + Level 4.2 Dodging
 + Level 0.6 Stealth
 + Level 0.8 Unarmed Combat


You had 5 spell levels left.
You didn't know any spells.

Dungeon Overview and Level Annotations

Branches:
Dungeon (4/15)
 Temple: D:4-7

Altars:

Annotations:
D:3 Terence


Innate Abilities, Weirdness & Mutations

You are small and have problems with some larger weapons.
You are somewhat resistant to further mutation.


Message History

The bullfrog skeleton is lightly damaged.
The bullfrog skeleton hits you but does no damage.
You barely miss the bullfrog skeleton.
The bullfrog skeleton is lightly damaged.
The bullfrog skeleton hits you but does no damage. x2
You puncture the bullfrog skeleton!
The bullfrog skeleton is moderately damaged.
The bullfrog skeleton hits you but does no damage.
You hit the bullfrog skeleton.
The bullfrog skeleton is heavily damaged.
The bullfrog skeleton hits you.
* * * LOW HITPOINT WARNING * * *
You hit the bullfrog skeleton.
The bullfrog skeleton is severely damaged.
The bullfrog skeleton misses you.
The bullfrog skeleton completely misses you.
You hit the bullfrog skeleton.
The bullfrog skeleton is severely damaged.
The bullfrog skeleton hits you.
You die...

# #.###.......#
#.##..#.# #
#.......# #.#...#
# #.......#
#.#.#.# #########
#.#.#.#.# ########
#.......# #......#
###.#####
#####....#.# #.#
#....[>....#####.#
#...@Z........#
...........#######
#.###....#.#
#......# ....#####
#####


You could see a bullfrog skeleton.

Vanquished Creatures
  An orc priest (D:3)
  A worker ant (D:4)
  5 adders
  8 gnolls (D:2)
  An ooze (D:2)
  An adder skeleton (D:4)
  A worm (D:2)
  2 dart slugs (D:2)
  6 leopard geckos
  5 orcs
  A ball python (D:1)
  10 bats
  6 giant cockroaches
  6 goblins
  11 hobgoblins
  5 jackals (D:1)
  A quokka (D:2)
  5 frilled lizards
  5 kobolds
  6 rats
87 creatures vanquished.

Notes
Turn   | Place    | Note
-------+----------+-------------------------------------------
     0 | D:1      | slep the Halfling Gladiator began the quest for the Orb.
     0 | D:1      | Reached XP level 1. HP: 14/14 MP: 1/1
   125 | D:1      | Reached XP level 2. HP: 19/19 MP: 2/2
   277 | D:1      | Reached XP level 3. HP: 13/24 MP: 3/3
   974 | D:2      | Reached XP level 4. HP: 22/29 MP: 4/4
  1199 | D:2      | Reached skill level 1 in Armour
  1318 | D:2      | Reached XP level 5. HP: 35/35 MP: 5/5
  1455 | D:2      | HP: 1/35 [gnoll/spear (8)]
  1811 | D:2      | Reached XP level 6. HP: 41/41 MP: 6/6
  2036 | D:3      | Noticed Terence
  2154 | D:4      | Slain by a bullfrog skeleton

Vault maps used:
D:1:      matt_arrival_spirals
D:2:      minmay_vboxes
D:3:      first_bread, grunt_decor_fettered, uniq_grinder, uniq_natasha,
          uniq_terence
D:4:      overflow_temple_1_default

Skill      XL: |  1  2  3  4  5  6 |
---------------+-------------------+-----
Polearms       | 3 4 |  4.2
Fighting       | 2 3 |  3.0
Dodging        | 4 |  4.2
Armour         | 1 2 |  2.4
Throwing       | |  2.3
Stealth        | |  0.6
Unarmed Combat | |  0.8

Action                   |  1- 3 |  4- 6 || total
-------------------------+-------+-------++-------
Melee: Trident           |   117 |   184 ||   301
       Unarmed           |       |    25 ||    25
Throw: Throwing net      |       |     1 ||     1
  Use: Potion            |       |     5 ||     5
 Stab: Sleeping          |     1 |       ||     1
  Eat: Chunk             |       |     5 ||     5
Armor: Leather armour    |    18 |       ||    18
       Ring mail         |    14 |    39 ||    53
Dodge: Dodged            |   122 |   149 ||   271

Table legend:
 A = Spawn XP
 B = Non-spawn XP
 C = Spawn XP percentage of total XP
 D = Spawn monster count
 E = Non-spawn monster count
 F = Spawn count percentage of total count
 G = Total turns spent on level
                    A         B        C        D         E        F      G
               +---------+---------+-------+---------+---------+-------+---------
         Total |       0 |     410 |   0.0 |       0 |      87 |   0.0 |  2154
               +---------+---------+-------+---------+---------+-------+---------
           D:1 |       0 |      64 |   0.0 |       0 |      35 |   0.0 |   834
           D:2 |       0 |     226 |   0.0 |       0 |      39 |   0.0 |  1075
           D:3 |       0 |      72 |   0.0 |       0 |       8 |   0.0 |   140
           D:4 |       0 |      48 |   0.0 |       0 |       5 |   0.0 |   105
               +---------+---------+-------+---------+---------+-------+---------
